 Dungeon Crawl Stone Soup version 0.27-a0-978-g2aa4ecdaef (webtiles) character file.

Game seed: 6590692859068351291

195908 nikku the Slayer (level 17, -5/268 HPs)
             Began as a Minotaur Berserker on Apr 14, 2021.
             Was a High Priest of Trog.
             Slain by a spriggan berserker
             ... wielding a +0 vorpal lajatang
              (34 damage)
             ... on level 3 of the Swamp.
             The game lasted 01:22:06 (32401 turns).

nikku the Slayer (Minotaur Berserker)              Turns: 32401, Time: 01:22:06

Health: -5/268     AC: 28    Str: 27    XL:     17   Next: 72%
Magic:  5/16       EV:  2    Int:  4    God:    Trog [*****.]
Gold:   3363       SH: 28    Dex: 14    Spells: 16/16 levels left

rFire    + . .     SeeInvis +   h - +9 broad axe (vamp)
rCold    . . .     Faith    .   C - +1 tower shield
rNeg     + + +     Spirit   .   (armour currently unavailable)
rPois    +         Reflect  +   (helmet currently unavailable)
rElec    .         Harm     .   (cloak currently unavailable)
rCorr    .         Rampage  .   (gloves currently unavailable)
Will     +++..     NoTele   +   (boots currently unavailable)
Stlth    ++........             y - amulet of reflection
HPRegen  1.54/turn              a - ring "Bennichota" {Fly rF+ rN+ SInv Stlth+}
MPRegen  0.15/turn              v - ring of poison resistance

@: mighty, tree-form, on berserk cooldown, regenerating, slowed, very slow
A: stationary, stasis, torment immunity, boosted hp, (horns 2), (retaliatory
headbutt), (hooves 1), agile 1, (electricity resistance)
}: 1/15 runes: gossamer
a: Renounce Religion, Berserk, Trog's Hand, Brothers in Arms


You were on level 3 of the Swamp.
You worshipped Trog.
Trog was extremely pleased with you.
You were a tree.
You visited 5 branches of the dungeon, and saw 30 of its levels.
You also visited: Ossuary and Gauntlet.

You collected 4094 gold pieces.
You spent 731 gold pieces at shops.

Inventory:

Hand Weapons
 g - the +7 war axe of the Pit {flame, rPois Will+ Int+5 Dex-3}
   (You acquired it on level 2 of the Dungeon)

   It has been specially enchanted to burn those struck by it, causing extra
   injury to most foes and up to half again as much damage against particularly
   susceptible opponents.
   Big, fiery blades are also staple armaments of hydra-hunters.
   It affects your intelligence (+5).
   It affects your dexterity (-3).
   It protects you from poison.
   It increases your willpower.
 h - a +9 vampiric broad axe (weapon)
Missiles
 o - 4 throwing nets
 t - 6 curare-tipped darts
 Q - 6 atropa-tipped darts
Armour
 c - a +2 cloak (melded)
 u - a +2 pair of gloves (melded)
 C - a +1 tower shield (worn)
 W - a +2 hat (melded)
 Z - a +3 plate armour of positive energy (melded)
Jewellery
 a - the ring "Bennichota" (left branch) {Fly rF+ rN+ SInv Stlth+}
   (You acquired it on level 2 of the Dungeon)

   [ring of protection from fire]

   It protects you from fire.
   It protects you from negative energy.
   It lets you see invisible.
   It grants you flight.
   It makes you more stealthy.
 e - a ring of protection from fire
 v - a ring of poison resistance (right branch)
 y - an amulet of reflection (around neck)
 B - the ring "Fabyaheh" {rPois rF- Str+6 Dex+7 Stlth+}
   (You found it in a Gauntlet)

   [ring of strength]

   It affects your strength (+6).
   It affects your dexterity (+7).
   It makes you vulnerable to fire.
   It protects you from poison.
   It makes you more stealthy.
 D - a ring of protection from cold
 F - the ring of Soreulox {Contam rC+ rCorr SInv}
   (You took it off a minotaur in a Gauntlet)

   [ring of protection from cold]

   It protects you from cold.
   It lets you see invisible.
   It causes magical contamination when unequipped.
   It protects you from acid and corrosion.
 J - a ring of resist corrosion
 P - an amulet of regeneration
Wands
 l - a wand of paralysis (18)
 q - a wand of digging (6)
 x - a wand of acid (12)
 z - a wand of flame (77)
 G - a wand of polymorph (10)
 M - a wand of mindburst (13)
 Y - a wand of charming (11)
Scrolls
 d - 11 scrolls of teleportation
 j - 4 scrolls of fog
 m - 16 scrolls of identify
 r - 4 scrolls of immolation
 s - 3 scrolls of enchant weapon
 w - 6 scrolls of magic mapping
 A - 3 scrolls of summoning
 I - 2 scrolls of silence
 K - 2 scrolls of blinking
 L - 3 scrolls of fear
 O - a scroll of holy word
 S - a scroll of brand weapon
Potions
 b - 13 potions of curing
 f - 6 potions of lignification
 i - 2 potions of cancellation
 k - 4 potions of mutation
 n - a potion of resistance
 H - a potion of invisibility
Miscellaneous
 p - a lightning rod (4/4)
 N - a condenser vane
 R - a box of beasts
 X - a tin of tremorstones (2/2)


   Skills:
 + Level 23.1 Fighting
 - Level 18.0 Axes
 - Level 11.0 Armour
 - Level 2.1 Dodging
 + Level 17.7 Shields
 + Level 10.3 Evocations


You had 16 spell levels left.
You didn't know any spells.
Your spell library was empty.

Dungeon Overview and Level Annotations

Branches:
Dungeon (15/15)            Temple (0/1) D:5            Lair (6/6) D:11
  Swamp (3/4) Lair:2       Spider (4/4) Lair:4        Slime (0/5) Lair:5
    Orc (2/2) D:11            Elf (0/3) Orc:2        Vaults (0/5) D:13
 Depths (0/5) D:15        Ossuary (visited)         Gauntlet (visited)

Altars:
Ashenzari
Kikubaaqudgha
Nemelex Xobeh
Okawaru
Trog
Uskayaw
Wu Jian
Xom
Zin
The Shining One
Beogh

Shops:
D:3 *   Orc:1 (   Orc:2 =?[=?

Annotations:
Swamp:3 1 transporter, Meom's ghost, adept FoFi


Innate Abilities, Weirdness & Mutations

You are a tree.
Your roots penetrate the ground, keeping you stationary.
You cannot be teleported.
You are immune to unholy pain and torment.
Your maximum health is greatly increased.
Your equipment is partially melded.
((You have a pair of horns on your head.))
((You reflexively headbutt those who attack you in melee.))
((You have large cloven feet.))
You are agile. (Dex +2)
((You are resistant to electric shocks. (rElec)))


Message History

The moth of wrath goads the spriggan on!
The spriggan goes berserk!
The spriggan berserker hits you with a +0 vorpal lajatang!!
The spriggan rider hits you but does no damage.
You are too injured to fight recklessly!
You feel very mighty all of a sudden. You block the polar bear's attack. x2
The polar bear claws you but does no damage.
You block the spriggan berserker's attack.
Meom's ghost hits you but does no damage.
The spriggan berserker prays to Trog.
The spriggan berserker goes berserk!
The polar bear barely misses you. You block the polar bear's attack.
The polar bear barely misses you.
The polar bear rages.
The spriggan rider hits you from afar with a +0 spear!!
The spriggan berserker hits you with a +0 vorpal lajatang.
* * * LOW HITPOINT WARNING * * *
x2 You block Meom's ghost's attack.
The polar bear bites you!
* * * LOW HITPOINT WARNING * * *
The polar bear claws you but does no damage. x2
Really quaff the potion of lignification? [Y]es or [N]o only, please.
Really quaff the potion of lignification?
You turn into a tree.
Your +2 cloak melds into your body.
Your +2 hat melds into your body.
Your +2 pair of gloves melds into your body.
Your +3 plate armour of positive energy melds into your body.
You feel less protected from negative energy.
Your roots penetrate the ground.
The spriggan rages.
The spriggan berserker hits you with a +0 vorpal lajatang!!
* * * LOW HITPOINT WARNING * * *
x2 The polar bear bites you but does no damage.
You block the polar bear's attack. x2
The moth of wrath goads the spriggan rider on!
The spriggan rider goes berserk!
The moth of wrath goads the spriggan rider on!
The spriggan rider goes berserk!
The spriggan berserker hits you with a +0 vorpal lajatang!!
You die...

###.... #...♣
≈#.######..♣
##)?.§#..#..♣
.)_[##.©#..♣
#.......#..♣
#yi....##..♣♣♣♣♣♣♣♣
#iii..#(......≈(.♣
##hihi##.♣♣..≈≈≈≈≈♣
#)♣W###.....≈≈.≈≈.♣
...#####....§.≈≈≈..♣♣♣
♣...©...≈..≈.<.(.)≈♣♣
♣♣♣....≈.≈≈..≈.≈≈≈♣≈≈
♣≈....≈..≈≈.≈≈≈.♣.≈
♣≈.≈.♣♣....≈≈≈≈♣♣..
♣♣.♣♣♣♣♣..≈≈≈≈.....
♣♣♣ ♣≈.≈≈....≈.♣
♣♣♣♣♣...♣..≈≈≈.♣


You could see 3 spriggan riders, 2 spriggan berserkers, a moth of wrath, 2 polar
bears, a spriggan (berserk) and Meom's ghost.

Vanquished Creatures
  Jorgrun (Orc:1)
  The ghost of Boapn the Peltast, an adept TrMo of Okawaru (Spider:1)
  A thorn hunter (Swamp:2)
  Frances (Swamp:1)
  Donald (Swamp:2)
  An orc warlord (Orc:1)
  The ghost of Thantalas the Thaumaturge, a journeyman DECj of Vehumet (Orc:1)
  3 ghost moths (Spider:4)
  4 emperor scorpions (Spider:4)
  Aizul (Swamp:1)
  A spriggan defender (Swamp:3)
  The ghost of Caetoogo the Spear-Bearer, a journeyman FoWn of Cheibriados (D:13)
  A stone giant (D:15)
  The ghost of Kauxt the Fighter, a journeyman DrVM of Sif Muna (Lair:6)
  2 bunyips (Swamp:3)
  4 entropy weavers
  A minotaur (Gauntlet)
  3 spark wasps
  2 eleionomae
  A fire dragon (Lair:6)
  A catoblepas (D:14)
  2 ghost crabs (Swamp:2)
  Erolcha (Orc:2)
  4 boulder beetles
  11 hydras
  An ogre mage (D:10)
  Erica (D:8)
  6 alligators
  A two-headed ogre (D:10)
  5 centaur warriors
  3 tengu warriors
  10 death yaks
  Urug (Lair:3)
  5 orc high priests
  A wretched star (Gauntlet)
  5 goliath frogs
  9 skeletal warriors
  2 swamp dragons
  3 bog bodies
  5 spriggan druids
  A wizard (D:14)
  A deep elf archer (D:13)
  2 deep elf zephyrmancers (D:13)
  2 orc sorcerers
  5 deep elf pyromancers
  An oklob plant (Gauntlet)
  18 wolf spiders
  2 orc knights
  12 orb spiders
  6 will-o-the-wisps
  4 moths of wrath
  2 manticores (D:14)
  2 cyclopes
  6 elephants (Lair:5)
  6 black mambas
  4 centaur skeletons (D:13)
  8 cane toads
  2 gargoyles
  A torpor snail (Lair:6)
  An unseen horror (D:11)
  3 rime drakes
  8 yaktaurs
  12 demonic crawlers
  2 kobold demonologists (D:10)
  A rime drake (shapeshifter) (D:15)
  12 komodo dragons
  9 trolls
  3 meliai (D:12)
  16 hornets
  A meliai (shapeshifter) (D:14)
  25 jumping spiders
  4 polar bears
  20 blink frogs
  7 tyrant leeches
  10 slime creatures
  7 dream sheep
  10 spriggans
  62 redbacks
  A vampire (D:12)
  2 wyverns
  A shadow (D:9)
  A water elemental (D:14)
  27 tarantellas
  34 yaks
  4 wraiths
  8 basilisks
  4 steam dragons
  A chaos spawn (Gauntlet)
  7 neqoxecs
  14 vampire mosquitoes
  A warg (Orc:2)
  A small abomination (Gauntlet)
  15 swamp worms
  3 acid dragons
  21 water moccasins
  4 swamp drakes
  3 black bears
  32 orc warriors
  A sky beast (D:7)
  2 ice beasts
  5 black mamba simulacra (Lair:2)
  10 centaurs
  4 ogres
  A necrophage (D:8)
  2 kobold brigands
  13 bullfrogs
  2 elf zombies (Ossuary)
  2 gnoll sergeants
  2 scorpions
  7 killer bees
  11 wights
  6 howler monkeys
  2 electric eels
  9 centaur zombies
  2 jellies (Lair:5)
  3 quasits (Orc:1)
  40 orc priests
  2 water moccasin simulacra (Lair:2)
  7 iguanas
  34 orc wizards
  2 killer bee zombies (D:8)
  2 mummies (Ossuary)
  11 gnolls
  A howler monkey zombie (D:10)
  2 howler monkey skeletons (D:7)
  3 adders
  3 shadow imps
  3 white imps
  An adder skeleton (D:4)
  97 orcs
  7 ball pythons
  8 bats
  5 endoplasms
  2 giant cockroaches
  4 goblins
  6 hobgoblins
  7 jackals
  5 quokkas
  A frilled lizard (D:1)
  2 goblin zombies (Ossuary)
  6 hobgoblin zombies (Ossuary)
  2 jackal zombies (Ossuary)
  9 kobolds
  14 kobold zombies (Ossuary)
  8 orc zombies (Ossuary)
  7 rats
  2 rat zombies (Ossuary)
  7 briar patches (Swamp:2)
  A butterfly (Lair:3)
986 creatures vanquished.

Vanquished Creatures (collateral kills)
  Bai Suzhen (Spider:3)
  The ghost of Bury the Grappler, a journeyman TrBe of Trog (Lair:2)
  A demonic crawler (Spider:3)
  A jumping spider (Spider:3)
  A tarantella (Spider:3)
5 creatures vanquished.

Vanquished Creatures (others)
  An eleionoma (Swamp:3)
  A spriggan druid (Swamp:3)
  A rime drake (Lair:2)
  4 bloated husks
  A tyrant leech (Swamp:2)
  An orc (D:7)
  22 foxfires
  15 fungi
  62 plants
  2 withered plants (D:8)
110 creatures vanquished.

Grand Total: 1101 creatures vanquished

Notes
Turn   | Place    | Note
-------+----------+-------------------------------------------
     0 | D:1      | nikku the Minotaur Berserker began the quest for the Orb.
     0 | D:1      | Reached XP level 1. HP: 19/19 MP: 0/0
   186 | D:1      | Reached XP level 2. HP: 27/27 MP: 1/1
   381 | D:1      | Reached skill level 4 in Fighting
   855 | D:1      | Reached ** piety under Trog
   943 | D:1      | Identified 3 scrolls of acquirement
   943 | D:1      | Acquired a +6 vorpal broad axe
  1023 | D:2      | Found a sparkling altar of Nemelex Xobeh.
  1154 | D:2      | Found a faded altar of an unknown god.
  1175 | D:2      | Reached XP level 3. HP: 33/33 MP: 2/2
  1873 | D:2      | Acquired the +7 war axe of the Pit {flame, rPois Will+
                  | Int+5 Dex-3}
  1876 | D:2      | Acquired the ring "Bennichota" {Fly rF+ rN+ SInv Stlth+}
  1894 | D:3      | Found Tigapsom's Assorted Antiques.
  1928 | D:3      | Found a hide-covered altar of Uskayaw.
  2077 | D:3      | Found an ancient bone altar of Kikubaaqudgha.
  2285 | D:3      | Found an ornate altar of the Wu Jian Council.
  2741 | D:4      | Reached XP level 4. HP: 41/41 MP: 3/3
  2825 | D:4      | Noticed a scorpion
  2827 | D:4      | Killed a scorpion
  3069 | D:4      | Reached XP level 5. HP: 47/47 MP: 4/4
  3086 | D:4      | Noticed a black bear
  3088 | D:4      | Killed a black bear
  3089 | D:4      | Reached skill level 5 in Fighting
  3089 | D:4      | Reached skill level 5 in Axes
  3600 | D:4      | Found a broken altar of Ashenzari.
  3733 | D:5      | Entered Level 5 of the Dungeon
  3741 | D:5      | Reached skill level 5 in Armour
  3741 | D:5      | Reached XP level 6. HP: 28/56 MP: 5/5
  4100 | D:5      | Found a staircase to the Ecumenical Temple.
  4232 | D:5      | Reached skill level 6 in Fighting
  4414 | D:5      | Noticed an ice beast
  4418 | D:5      | Killed an ice beast
  4419 | D:5      | Reached XP level 7. HP: 63/63 MP: 6/6
  4758 | D:6      | Identified the +1 leather armour of Light {rElec rF++
                  | Dex+2}
  5361 | D:7      | Found a sand-covered staircase.
  5366 | Ossuary  | Entered an ossuary
  5391 | Ossuary  | Reached *** piety under Trog
  5465 | Ossuary  | Reached skill level 7 in Fighting
  5590 | D:7      | Reached XP level 8. HP: 23/73 MP: 7/7
  6007 | D:7      | Reached **** piety under Trog
  6177 | D:7      | Reached skill level 8 in Fighting
  6817 | D:8      | Reached XP level 9. HP: 82/82 MP: 8/8
  6820 | D:8      | Reached skill level 9 in Fighting
  7218 | D:8      | Noticed a deep elf pyromancer
  7229 | D:8      | Killed a deep elf pyromancer
  7430 | D:8      | Noticed Erica
  7438 | D:8      | Reached skill level 10 in Fighting
  7439 | D:8      | Reached skill level 10 in Axes
  7441 | D:8      | Killed Erica
  7442 | D:8      | Reached skill level 10 in Armour
  7443 | D:8      | Reached XP level 10. HP: 94/94 MP: 9/9
  7688 | D:8      | Found a bloodstained altar of Trog.
  7688 | D:8      | Found a glowing golden altar of the Shining One.
  8172 | D:9      | Reached skill level 11 in Fighting
  8351 | D:9      | Reached ***** piety under Trog
  8577 | D:9      | Found a shimmering altar of Xom.
  8721 | D:10     | Entered Level 10 of the Dungeon
  8798 | D:10     | Noticed an ogre mage
  8805 | D:10     | Killed an ogre mage
  8806 | D:10     | Reached skill level 12 in Fighting
  8814 | D:10     | Reached XP level 11. HP: 75/105 MP: 10/10
  8831 | D:10     | Paralysed by a hornet for 3 turns
  9099 | D:10     | Reached skill level 13 in Fighting
  9560 | D:10     | Found an iron altar of Okawaru.
  9561 | D:10     | Found a glowing silver altar of Zin.
  9645 | D:10     | Noticed a two-headed ogre
  9650 | D:10     | Killed a two-headed ogre
 10089 | D:10     | Acquired 1142 gold pieces
 10133 | D:11     | Noticed a skeletal warrior
 10145 | D:11     | Killed a skeletal warrior
 10154 | D:11     | Reached skill level 14 in Fighting
 10263 | D:11     | Found a staircase to the Lair.
 10264 | D:11     | Noticed a death yak
 10279 | D:11     | Killed a death yak
 10387 | D:11     | Noticed a skeletal warrior
 10410 | D:11     | Killed a skeletal warrior
 10411 | D:11     | Reached XP level 12. HP: 118/118 MP: 11/11
 10501 | D:11     | Found a staircase to the Orcish Mines.
 10840 | D:11     | Noticed a boulder beetle
 10859 | D:11     | Killed a boulder beetle
 11156 | Lair:1   | Entered Level 1 of the Lair of Beasts
 11160 | Lair:1   | Noticed a six-headed hydra
 11166 | Lair:1   | Killed a three-headed hydra
 11174 | Lair:1   | Reached skill level 15 in Fighting
 11178 | Lair:1   | Reached skill level 15 in Axes
 11892 | Lair:2   | Found a runed translucent gate.
 11894 | Lair:2   | Found a runed translucent gate.
 11896 | Lair:2   | Found a runed translucent gate.
 12065 | Lair:2   | Noticed Bury's ghost (journeyman TrBe)
 12086 | Lair:2   | Killed Bury's ghost
 12101 | Lair:2   | Identified the ring of Oenomania {MP+9 Dex+5}
 12300 | Lair:2   | Noticed a boulder beetle
 12319 | Lair:2   | Reached skill level 16 in Fighting
 12445 | Lair:3   | Noticed an eight-headed hydra
 12453 | Lair:3   | Killed a five-headed hydra
 12680 | Lair:2   | Killed a boulder beetle
 12835 | Lair:2   | Found a staircase to the Swamp.
 13334 | Lair:3   | Reached XP level 13. HP: 130/130 MP: 12/12
 13744 | Lair:3   | Noticed Urug
 13754 | Lair:3   | Killed Urug
 13954 | Lair:4   | Found a hole to the Spider Nest.
 14136 | Lair:4   | Found a gate leading to a gauntlet.
 14180 | Gauntlet | Entered a Gauntlet
 14180 | Gauntlet | Found a transporter.
 14180 | Gauntlet | Found a transporter.
 14181 | Gauntlet | Found a transporter.
 14184 | Gauntlet | Found a transporter.
 14184 | Gauntlet | Found a transporter.
 14194 | Gauntlet | Found a transporter.
 14198 | Gauntlet | Found a transporter.
 14210 | Gauntlet | Found a transporter.
 14220 | Gauntlet | Found the ring of the Mage {Wiz Will++ Int+3}
 14302 | Gauntlet | Found a transporter.
 14312 | Gauntlet | Found a transporter.
 14314 | Gauntlet | Found a transporter.
 14324 | Gauntlet | Found a transporter.
 14508 | Gauntlet | Identified the ring "Fabyaheh" {rPois rF- Str+6 Dex+7
                  | Stlth+}
 14716 | Gauntlet | Reached skill level 17 in Fighting
 14716 | Gauntlet | Gained mutation: Your body sometimes deteriorates upon
                  | taking damage. [a neqoxec]
 14730 | Gauntlet | Lost mutation: Your body sometimes deteriorates upon taking
                  | damage. [potion of mutation]
 14730 | Gauntlet | Gained mutation: Your body sometimes deteriorates upon
                  | taking damage. [potion of mutation]
 14730 | Gauntlet | Gained mutation: You are dopey. (Int -2) [potion of
                  | mutation]
 14730 | Gauntlet | Gained mutation: Your spells are a little harder to cast,
                  | but a little more powerful. [potion of mutation]
 15083 | Gauntlet | Lost mutation: Your body sometimes deteriorates upon taking
                  | damage. [potion of mutation]
 15083 | Gauntlet | Lost mutation: You are dopey. (Int -2) [potion of mutation]
 15083 | Gauntlet | Lost mutation: Your spells are a little harder to cast, but
                  | a little more powerful. [potion of mutation]
 15083 | Gauntlet | Gained mutation: You have sharp toenails. [potion of
                  | mutation]
 15083 | Gauntlet | Gained mutation: You are agile. (Dex +2) [potion of
                  | mutation]
 15084 | Gauntlet | Lost mutation: You are agile. (Dex +2) [potion of mutation]
 15084 | Gauntlet | Lost mutation: You have sharp toenails. [potion of
                  | mutation]
 15084 | Gauntlet | Gained mutation: You are agile. (Dex +2) [potion of
                  | mutation]
 15084 | Gauntlet | Gained mutation: Your body sometimes deteriorates upon
                  | taking damage. [potion of mutation]
 15084 | Gauntlet | Gained mutation: You are occasionally teleported next to
                  | monsters. [potion of mutation]
 15084 | Gauntlet | Gained mutation: You expend magic power (3 MP) to
                  | strengthen your wands. [potion of mutation]
 15085 | Gauntlet | Lost mutation: Your body sometimes deteriorates upon taking
                  | damage. [potion of mutation]
 15085 | Gauntlet | Lost mutation: You are agile. (Dex +2) [potion of mutation]
 15085 | Gauntlet | Lost mutation: You are occasionally teleported next to
                  | monsters. [potion of mutation]
 15085 | Gauntlet | Gained mutation: You have large cloven feet. [potion of
                  | mutation]
 15085 | Gauntlet | Gained mutation: You are strong-willed. (Will+) [potion of
                  | mutation]
 15090 | Gauntlet | Identified the +8 flail "Qoufuidd" {protect, rN++ rCorr
                  | Dex+3 Stlth-}
 15090 | Gauntlet | Identified the ring of Soreulox {Contam rC+ rCorr SInv}
 15090 | Gauntlet | Noticed a minotaur
 15102 | Gauntlet | Killed a minotaur
 15325 | Lair:4   | Reached skill level 1 in Evocations
 16417 | Lair:5   | Reached skill level 1 in Shields
 16502 | Lair:5   | Identified the +10 war axe of Extinguishment {drain, Dex+5}
 16512 | Lair:5   | Found a staircase to the Slime Pits.
 16517 | Lair:5   | Reached XP level 14. HP: 141/141 MP: 13/13
 16808 | Lair:5   | Reached skill level 18 in Fighting
 17173 | Lair:6   | Entered Level 6 of the Lair of Beasts
 17180 | Lair:6   | Noticed Kauxt's ghost (journeyman DrVM)
 17185 | Lair:6   | Found a transporter.
 17188 | Lair:6   | Found a transporter.
 17256 | Lair:6   | Reached skill level 5 in Evocations
 17270 | Lair:6   | Killed Kauxt's ghost
 18219 | Lair:6   | Received a gift from Trog
 18502 | Orc:1    | Entered Level 1 of the Orcish Mines
 18510 | Orc:1    | Found Aleant's Weapon Shop.
 18684 | Orc:1    | Noticed an orc warlord
 18700 | Orc:1    | Killed an orc warlord
 18701 | Orc:1    | Reached skill level 19 in Fighting
 19163 | Orc:1    | Noticed Jorgrun
 19172 | Orc:1    | Killed Jorgrun
 19386 | Orc:1    | Found a transporter.
 19390 | Orc:1    | Noticed Thantalas's ghost (journeyman DECj)
 19395 | Orc:1    | Gained mutation: Armour fits poorly on your strangely
                  | shaped body. [a neqoxec]
 19395 | Orc:1    | Gained mutation: You occasionally shout uncontrollably at
                  | your foes. [a neqoxec]
 19402 | Orc:1    | Killed Thantalas's ghost
 19408 | Orc:1    | Found a transporter.
 19408 | Orc:1    | Identified the ring "Zuntaurgh" {rPois Dex+6}
 19409 | Orc:1    | Identified the amulet "Tusuphub" {Spirit Harm Str+2}
 19660 | Orc:2    | Entered Level 2 of the Orcish Mines
 19707 | Orc:2    | Received a gift from Trog
 19721 | Orc:2    | Noticed Erolcha
 19766 | Orc:2    | Killed Erolcha
 19885 | Orc:2    | Reached XP level 15. HP: 152/152 MP: 14/14
 19918 | Orc:2    | Received a gift from Trog
 20046 | Orc:2    | Found Cyzxig's Jewellery Shop.
 20198 | Orc:2    | Found a staircase to the Elven Halls.
 20366 | Orc:2    | Found Uqib's Jewellery Shoppe.
 20366 | Orc:2    | Found Xonnet's Magic Scroll Shoppe.
 20367 | Orc:2    | Found Wywixkoi's Armour Emporium.
 20371 | Orc:2    | Found Quudehis's Magic Scroll Emporium.
 20380 | Orc:2    | Bought a scroll of acquirement for 520 gold pieces
 20380 | Orc:2    | Bought a scroll of teleportation for 30 gold pieces
 20487 | Orc:2    | Acquired a manual of Shields
 20513 | Orc:2    | Bought a +1 kite shield of protection for 181 gold pieces
 21305 | D:12     | Reached skill level 5 in Shields
 22289 | D:13     | Found a gate to the Vaults.
 22314 | D:13     | Found a large runed translucent door.
 22315 | D:13     | Found a large runed translucent door.
 22349 | D:13     | Noticed Caetoogo's ghost (journeyman FoWn)
 22370 | D:13     | Killed Caetoogo's ghost
 22417 | D:13     | Reached skill level 20 in Fighting
 22512 | D:13     | Lost mutation: You are strong-willed. (Will+) [potion of
                  | mutation]
 22512 | D:13     | Lost mutation: You expend magic power (3 MP) to strengthen
                  | your wands. [potion of mutation]
 22512 | D:13     | Lost mutation: You occasionally shout uncontrollably at
                  | your foes. [potion of mutation]
 22512 | D:13     | Lost mutation: Armour fits poorly on your strangely shaped
                  | body. [potion of mutation]
 22512 | D:13     | Gained mutation: You sometimes lose the ability to read
                  | scrolls when taking damage. [potion of mutation]
 22512 | D:13     | Gained mutation: You are agile. (Dex +2) [potion of
                  | mutation]
 22512 | D:13     | Lost mutation: You sometimes lose the ability to read
                  | scrolls when taking damage. [potion of mutation]
 22512 | D:13     | Gained mutation: You are resistant to electric shocks.
                  | (rElec) [potion of mutation]
 23701 | D:14     | Reached skill level 10 in Shields
 24341 | D:14     | Received a gift from Trog
 24440 | D:15     | Entered Level 15 of the Dungeon
 24884 | D:15     | Found a staircase to the Depths.
 25480 | Spider:1 | Entered Level 1 of the Spider Nest
 25718 | Spider:1 | Reached XP level 16. HP: 156/165 MP: 15/15
 26224 | Spider:1 | Found a transporter.
 26239 | Spider:1 | Found a transporter.
 26245 | Spider:1 | Noticed Boapn's ghost (adept TrMo)
 26252 | Spider:1 | Reached skill level 21 in Fighting
 26262 | Spider:1 | Killed Boapn's ghost
 26262 | Spider:1 | Received a gift from Trog
 26275 | Spider:1 | Identified the ring "Wumeos" {Will+ MP+9 Dex+5}
 26279 | Spider:1 | Identified the +0 helmet of Wapluo {Harm +Blink rPois
                  | Dex-3}
 27781 | Spider:3 | Found the +3 sling "Punk" {acid, rCorr}
 27781 | Spider:3 | Noticed Bai Suzhen
 27792 | Spider:3 | Killed Bai Suzhen
 27893 | Spider:3 | Reached skill level 15 in Shields
 28467 | Spider:4 | Entered Level 4 of the Spider Nest
 28665 | Spider:4 | Received a gift from Trog
 28669 | Spider:4 | Reached skill level 22 in Fighting
 29104 | Spider:4 | Reached XP level 17. HP: 177/177 MP: 16/16
 29478 | Spider:4 | Got a gossamer rune of Zot
 29694 | Swamp:1  | Entered Level 1 of the Swamp
 29839 | Swamp:1  | Noticed Aizul
 29849 | Swamp:1  | Killed Aizul
 29852 | Swamp:1  | Received a gift from Trog
 29974 | Swamp:1  | Noticed Frances
 29990 | Swamp:1  | Killed Frances
 30853 | Swamp:2  | Noticed Donald
 30863 | Swamp:2  | Killed Donald
 31663 | Swamp:2  | Reached skill level 23 in Fighting
 31663 | Swamp:2  | Reached skill level 10 in Evocations
 32343 | Swamp:3  | Found a transporter.
 32348 | Swamp:3  | Noticed Meom's ghost (adept FoFi)
 32357 | Swamp:3  | Found a bloodstained altar of Trog.
 32363 | Swamp:3  | Identified the +3 whip "Roumi" {vorpal, rPois}
 32370 | Swamp:3  | Found a transporter.
 32401 | Swamp:3  | Slain by a spriggan berserker

Illustrated notes

Levels and vault maps discovered:
D:1:      tarquinn_simple_flora_water_a, layout_basic, patterned_corridor
D:2:      layout_loops_corners, ebering_ecumenical_altar_rust, basic_altar,
          minmay_stone_trees_small
D:3:      layout_loops_cross, lemuel_doored_altar, general_overflow_altar,
          eat_drink_and_be_merry_uskayaw, serial_shops,
          nicolae_shop_overgrown_old_shop
D:4:      layout_basic, ashenzari_altar_1, corexii_checkpoint_a,
          grunt_decor_resistance, chequers_decorated_corner,
          grunt_decor_one_mirror, supply_closet_lemuel
D:5:      layout_basic, minmay_temple_entry_butterflies, minmay_crystal_water
D:6:      layout_rooms, serial_park_tiny_2
D:7:      layout_gridville, enter_ossuary_5
D:8:      layout_loops_ring, gammafunk_temple_overflow_elements, serial_undead,
          serial_undead_b, serial_undead_d, serial_undead_a, serial_undead_e,
          minmay_microvault, uniq_erica
D:9:      layout_rooms, lemuel_tele_altar, minmay_misc_feat_ornament
D:10:     nzn_winding_woodlands_cross [nzn_winding_woodlands_5x15_zeroes,
          nzn_winding_woodlands_5x15_concentric,
          nzn_winding_woodlands_5x15_cabin, nzn_winding_woodlands_5x15_twine,
          nzn_winding_woodlands_15x15_five_gardens], layout_basic,
          grunt_temple_overflow_open, chequers_serial_rivers_small_3
D:11:     layout_rooms, david_lair_generic, hiddenorc2_lemuel,
          grunt_decor_clamped
D:12:     layout_loops_cross
D:13:     layout_roguey, hangedman_vaults_entry_quadrant_bands,
          ebering_ghost_disaster_area
D:14:     layout_loops_corners, kennysheep_minor_cross
D:15:     grunt_enter_depths_snipers, layout_cave_pools,
          minmay_misc_feat_four_crosses
Lair:1:   layout_hall_layers
Lair:2:   layout_loops_ring, nicolae_swamp_entry_splash_gauntlet,
          gammafunk_ghost_icy
Lair:3:   layout_regular_city, lemuel_fruit_fields, grunt_megastairs_3,
          uniq_urug
Lair:4:   layout_cellular_growth, spider_nest_entry_funnel_web,
          gauntlet_entry_generic, lemuel_fruit_tree
Lair:5:   layout_gridlike, minmay_slime_entry_pillars
Lair:6:   guppyfry_lair_end_dragon, layout_gridlike, gammafunk_ghost_arena,
          ldierk_geyser
Swamp:1:  layout_falls_marsh, nicolae_swamp_dense_foliage,
          infiniplex_staircase_pool, uniq_aizul, uniq_frances
Swamp:2:  layout_basic_swamp, evilmike_swamp_ruin_house_3, uniq_donald
Swamp:3:  layout_basic_swamp, gammafunk_ghost_wrathful_warriors,
          hangedman_swamp_ruin_wall, swamp_pool5, nicolae_swamp_super_fun_site
Spider:1: layout_chambers, gammafunk_ghost_berserking_beasts
Spider:2: layout_chambers
Spider:3: layout_spider_delve, uniq_bai_suzhen
Spider:4: spider_rune_water
Orc:1:    layout_caves, gammafunk_ghost_stat_death, basic_altar, serial_shops,
          shop, minmay_orc_temple_c, uniq_jorgrun
Orc:2:    st_orc_mages, layout_diamond_mine, serial_shops, shop, basic_altar,
          uniq_erolcha

Skill      XL: |  1  2  3  4  5  6  7  8  9 10 11 12 13 14 15 16 17 |
---------------+----------------------------------------------------+-----
Fighting       | 4 5 6 7 8 10 12 14 16 17 19 20 22 23 | 23.1
Axes           | 4 5 6 7 8 10 12 14 16 17 18 | 18.0
Armour         | 3 4 5 7 8 10 11 | 11.0
Evocations     | 4 8 9 10 | 10.3
Shields        | 2 4 12 16 17 | 17.7
Dodging        | |  2.1

Action                   |  1- 3 |  4- 6 |  7- 9 | 10-12 | 13-15 | 16-18 || total
-------------------------+-------+-------+-------+-------+-------+-------++-------
Melee: Hand axe          |    46 |       |       |       |       |       ||    46
       Headbutt          |    10 |     8 |    21 |    90 |   174 |   116 ||   419
       Broad axe         |    34 |    37 |   145 |   282 |   401 |   598 ||  1497
       War axe           |       |       |       |   149 |   375 |     4 ||   528
       Kick              |       |       |       |       |   228 |   212 ||   440
Invok: Trog's Hand       |       |     1 |     6 |    14 |    27 |    16 ||    64
       Berserk           |       |     1 |     5 |     6 |    14 |    10 ||    36
       Brothers in Arms  |       |       |       |     3 |       |     2 ||     5
  Use: Scroll            |    12 |     2 |     8 |    10 |     9 |     4 ||    45
       Potion            |       |       |       |     4 |     6 |     7 ||    17
 Stab: Sleeping          |     4 |     1 |       |       |       |       ||     5
       Distracted        |       |       |     1 |       |       |     1 ||     2
       Held in net/web   |       |       |       |       |       |     2 ||     2
Armor: Animal skin       |    12 |       |       |       |       |       ||    12
       Ring mail         |    11 |    14 |    24 |       |       |       ||    49
       Scale mail        |       |       |    28 |       |       |       ||    28
       Plate armour      |       |       |    18 |   291 |   313 |   291 ||   913
       Skin              |       |       |       |       |       |     2 ||     2
Dodge: Dodged            |    51 |    18 |   102 |   150 |   162 |   121 ||   604
Block: Other             |       |       |       |    10 |    26 |       ||    36
       Buckler           |       |       |       |       |   120 |       ||   120
       Reflection        |       |       |       |       |    33 |     9 ||    42
       Kite shield       |       |       |       |       |   251 |   461 ||   712
       Tower shield      |       |       |       |       |       |   143 ||   143

Table legend: (Time is in decaauts)
 A = Elapsed time spent in this place.
 B = Non-inter-level travel time spent in this place.
 C = Inter-level travel time spent in this place.
 D = Time resting spent in this place.
 E = Time spent auto-exploring this place.
 F = Levels seen in this place.
 G = Mean time per level.
                   A        B        C        D        E       F      G
               +--------+--------+--------+--------+--------+-----+--------+
         Total |  32411 |  31106 |   1305 |   2141 |  24110 |  32 | 1012.8 |
       Dungeon |  15958 |  15303 |    655 |    555 |  12771 |  15 | 1063.9 |
          Lair |   6391 |   6028 |    363 |    356 |   4696 |   6 | 1065.2 |
         Swamp |   2692 |   2684 |      8 |    342 |   1837 |   3 |  897.3 |
   Spider Nest |   4070 |   3907 |    163 |     43 |   3174 |   4 | 1017.5 |
  Orcish Mines |   2069 |   1955 |    114 |    344 |   1290 |   2 | 1034.5 |
       Ossuary |    204 |    204 |      0 |      0 |    101 |   1 |  204.0 |
      Gauntlet |   1024 |   1024 |      0 |    500 |    240 |   1 | 1024.0 |
               +--------+--------+--------+--------+--------+-----+--------+

Top non-repeatable levels by time:
     D:7: 1641 daAuts
    D:13: 1455 daAuts
    D:10: 1429 daAuts
    D:14: 1377 daAuts
Spider:1: 1316 daAuts
   Orc:1: 1260 daAuts
  Lair:3: 1236 daAuts
  Lair:2: 1235 daAuts
     D:4: 1226 daAuts
  Lair:4: 1212 daAuts
  Lair:6: 1183 daAuts
    D:11: 1137 daAuts
    D:12: 1110 daAuts
 Swamp:2: 1107 daAuts
  Lair:5: 1074 daAuts
